 Dungeon Crawl Stone Soup version 0.31-a0-232-gb1c03b2570 (webtiles) character file.

Game seed: 7804617864304738104

23 qw the Shooter (level 2, -1/24 HPs)
             Began as a Minotaur Hexslinger on July 7, 2023.
             Slain by a gnoll
             ... wielding a +0 spear
              (8 damage)
             ... on level 2 of the Dungeon.
             The game lasted 00:00:16 (1073 turns).

qw the Shooter (Minotaur Hexslinger)                Turns: 1073, Time: 00:00:16

Health: -1/24      AC:  2    Str: 12    XL:     2   Next: 72%
Magic:  2/2        EV: 12    Int: 10    God:
Gold:   55         SH:  0    Dex: 12    Spells: 2/3 levels left

rFire   . . .        Y - +1 sling
rCold   . . .        (no shield)
rNeg    . . .        c - +0 robe
rPois   .            (helmet restricted)
rElec   .            (no cloak)
rCorr   .            (no gloves)
SInv    .            (no boots)
Will    .....        (no amulet)
Stlth   +            (no ring)
HPRegen 0.24/turn    (no ring)
MPRegen 0.08/turn

%: no passive effects
@: no status effects
A: horns 2, retaliatory headbutt
a: no special abilities


You were on level 2 of the Dungeon.
You visited 1 branch of the dungeon, and saw 2 of its levels.

You collected 55 gold pieces.


Innate Abilities, Weirdness & Mutations

You have a pair of horns on your head.
You reflexively headbutt those who attack you in melee.


   Skills:
 - Level 2.0 Fighting
 + Level 3.3 Ranged Weapons
 - Level 2.1 Dodging
 - Level 1.0 Spellcasting
 - Level 2.0 Hexes


You had 2 spell levels left.
You knew the following spells:

 Your Spells              Type           Power      Damage    Failure   Level
a - Slow                  Hex            16%        N/A       16%         1

Your spell library contained the following spells:

 Spells                   Type           Power      Damage    Failure   Level
 Inner Flame              Hex/Fire       2%         N/A       56%         3
 Portal Projectile        Hex/Tloc       4%         N/A       56%         3
 Cause Fear               Hex            2%         N/A       83%         4

Inventory:

Hand Weapons
 Y - a +1 sling (weapon)
Armour
 c - a +0 robe (worn)
Scrolls
 a - a scroll of teleportation
 h - a scroll of identify
Potions
 d - a potion of berserk rage {unknown}
 f - a potion of brilliance {unknown}
 g - a potion of curing
 j - a potion of mutation {unknown}

Dungeon Overview and Level Annotations

Branches:
Dungeon (2/15)

Altars:

Annotations:
D:2 exclusion: gnoll


Message History

There is a stone staircase leading down here.
You climb downwards.
Found a scroll labelled MUOXURCHEOPI.
There is a stone staircase leading up here.
A rat is nearby!
Waypoint 1 assigned to D:2.
You shoot a sling bullet. The sling bullet hits the rat.
The rat is severely wounded.
You hear a shout! x2
You shoot a sling bullet. The sling bullet hits the rat.
You kill the rat!
A rat comes into view.
You shoot a sling bullet. The sling bullet hits the rat.
You kill the rat!
b - a scroll labelled MUOXURCHEOPI A gnoll comes into view.
It is wielding a +0 spear.
You shoot a sling bullet.
The sling bullet closely misses the gnoll.
You shoot a sling bullet.
The sling bullet barely misses the gnoll.
You shoot a sling bullet.
The sling bullet closely misses the gnoll.
The gnoll hits you from afar with a +0 spear!
You shoot a sling bullet.
The sling bullet barely misses the gnoll.
The gnoll barely misses you.
You shoot a sling bullet.
The sling bullet closely misses the gnoll.
The gnoll hits you from afar with a +0 spear.
You shoot a sling bullet. The sling bullet hits the gnoll!
The gnoll is heavily wounded.
The gnoll hits you from afar with a +0 spear. x2
1073 ||| READING scroll labelled MUOXURCHEOPI.
As you read the scroll labelled MUOXURCHEOPI, it crumbles to dust.
You hear a loud clanging noise!
It was a scroll of noise.
You hear a shout!
You hear an angry hiss.
A gnoll comes into view. It is wielding a +0 spear.
The gnoll hits you from afar with a +0 spear!
You die...

## #..... .
..# ....#
#.#.#.....#
.........#
..#...#...#
..........#
#=.....#
##@## #...#
.##.#.g.#
........<#
...#.##.##
. #+ #.g
#.#. #.#.
### .


You could see 2 gnolls.

Vanquished Creatures
  A dart slug (D:1)
  2 ball pythons (D:1)
  A bat (D:1)
  5 endoplasms (D:1)
  A goblin (D:1)
  A hobgoblin (D:1)
  A jackal (D:1)
  A kobold (D:1)
  3 frilled lizards (D:1)
  3 rats
19 creatures vanquished.

Notes
Turn   | Place    | Note
-------+----------+-------------------------------------------
     0 | D:1      | qw the Minotaur Hexslinger began the quest for the Orb.
     0 | D:1      | Reached XP level 1. HP: 16/16 MP: 1/1
     0 | D:1      | 0 ||| qw: Version: 0.3-a-46-gb1f654a
     0 | D:1      | 0 ||| qw: Game counter: 2637
     0 | D:1      | 0 ||| qw: Melee chars always use a shield: true
     0 | D:1      | 0 ||| qw: God list: Okawaru
     0 | D:1      | 0 ||| qw: Allow faded altars: false
     0 | D:1      | 0 ||| qw: Do Orc after clearing Dungeon:15 true
     0 | D:1      | 0 ||| qw: Do second Lair branch before Depths: true
     0 | D:1      | 0 ||| qw: Lair rune preference: random
     0 | D:1      | 0 ||| qw: Goals: Normal
     0 | D:1      | 0 ||| PLANNING D:1-11
   306 | D:1      | Reached skill level 3 in Ranged Weapons
   306 | D:1      | Reached XP level 2. HP: 20/23 MP: 2/2
  1037 | D:1      | 1037 ||| READING 2 scrolls labelled NOPNEGGERIM.
  1040 | D:1      | 1040 ||| READING 2 scrolls labelled QUELEMIANA.
  1041 | D:1      | 1041 ||| READING scroll labelled QISUSHR EQUSM.
  1042 | D:1      | 1042 ||| READING scroll labelled NAKONOIGYJ.
  1043 | D:1      | 1043 ||| DRINKING 2 pink potions.
  1044 | D:1      | 1044 ||| DROPPING scroll of poison.
  1073 | D:2      | 1073 ||| READING scroll labelled MUOXURCHEOPI.
  1073 | D:2      | Slain by a gnoll

Levels and vault maps discovered:
D:1:      dpeg_arrival_rhombus, layout_basic, minmay_tripent
D:2:      layout_basic, chequers_serial_rivers_micro_a, patterned_corridor

Skill      XL: |  1  2 |
---------------+-------+-----
Ranged Weapons | 3 |  3.3
Fighting       | 2 |  2.0
Dodging        | |  2.1
Spellcasting   | |  1.0
Hexes          | |  2.0

Action                     || total
---------------------------++-------
   Fire: Sling             ||    53
    Use: Scroll            ||     5
         Potion            ||     1
 Armour: Robe              ||     3
  Dodge: Dodged            ||    16

Table legend:
 A = Non-vault XP
 B = Vault XP
 C = Vault XP percentage of total XP
 D = Non-vault monster count
 E = Vault monster count
 F = Vault count percentage of total count
                 A         B        C        D         E       F
            +---------+---------+-------+---------+---------+-------
      Total |      30 |       3 |   9.1 |      17 |       2 |  10.5
            +---------+---------+-------+---------+---------+-------
        D:1 |      28 |       3 |   9.7 |      15 |       2 |  11.8
        D:2 |       2 |       0 |   0.0 |       2 |       0 |   0.0
            +---------+---------+-------+---------+---------+-------
